 Dungeon Crawl Stone Soup version 0.25-a0-1137-g7f6bfe439b (webtiles) character file.

Game seed: 16497268342590740723, levelgen mode: classic

284 Amnesiac the Skirmisher (level 6, 0/40 HPs)
             Began as a Deep Elf Fighter on May 23, 2020.
             Slain by an orc
             ... wielding a +0 short sword
              (2 damage)
             ... on level 3 of the Dungeon.
             The game lasted 00:06:25 (3395 turns).

Amnesiac the Skirmisher (Deep Elf Fighter)          Turns: 3395, Time: 00:06:26

Health: 0/40       AC:  7    Str: 15    XL:     6   Next: 7%
Magic:  8/8        EV:  9    Int: 13    God:
Gold:   242        SH:  8    Dex: 14    Spells: 5/5 levels left

rFire    . . .     SeeInvis .   b - +2 dagger (venom)
rCold    . . .     Gourm    .   c - +0 kite shield
rNeg     . . .     Faith    +   g - +0 ring mail
rPois    .         Spirit   .   u - +0 helmet
rElec    .         Reflect  .   z - +0 cloak
rCorr    .         Harm     .   (no gloves)
MR       .....                  (no boots)
Stlth    +.........             e - amulet of faith
HPRegen  0.13/turn              (no ring)
MPRegen  0.11/turn              (no ring)

@: no status effects
A: no striking features
a: no special abilities


You were on level 3 of the Dungeon.
You were not hungry.

You visited 1 branch of the dungeon, and saw 4 of its levels.

You collected 242 gold pieces.

Inventory:

Hand Weapons
 a - a +3 dagger of draining
 b - a +2 dagger of venom (weapon)
 v - a +0 hunting sling
 E - a +0 war axe
Missiles
 i - 20 arrows
 l - 75 stones
 s - 40 sling bullets
 C - 7 poisoned darts (quivered)
Armour
 c - a +0 kite shield (worn)
 g - a +0 ring mail (worn)
 u - a +0 helmet (worn)
 z - a +0 cloak (worn)
Jewellery
 e - an amulet of faith (around neck)
 k - an uncursed ring of ice {unknown}
 A - an uncursed ring of ice {unknown}
Scrolls
 j - 2 scrolls of teleportation {!r, unknown}
 m - 5 scrolls of fear {!r, unknown}
 o - a scroll of random uselessness {!r, unknown}
 r - 2 scrolls of fog {!r, unknown}
 t - 5 scrolls of identify {!r, unknown}
 w - 2 scrolls of amnesia {!r, unknown}
 y - 3 scrolls of remove curse {!r, unknown}
 B - a scroll of enchant armour {!r, unknown}
 F - a scroll of enchant weapon {!r, unknown}
Potions
 d - a potion of might {!q}
 h - 5 potions of curing {!q, unknown}
 n - a potion of lignification {!q, unknown}
 p - a potion of heal wounds {!q, unknown}
 q - a potion of haste {!q, unknown}
 x - a potion of flight {!q, unknown}
Comestibles
 f - 3 rations


   Skills:
 * Level 5.2 Fighting
 - Level 2.0 Axes
 - Level 2.4 Armour
 - Level 2.4 Dodging
 - Level 2.4 Shields


You had 5 spell levels left.
You didn't know any spells.
Your spell library contained the following spells:

 Spells                   Type           Power        Failure   Level  Hunger
 Gell's Gravitas          Tloc           #.........   100%        3    ####...
 Portal Projectile        Hex/Tloc       #.....       100%        3    ####...
 Dispersal                Tloc           #.........   100%        6    #######
 Controlled Blink         Tloc           N/A          100%        8    #######
 Disjunction              Tloc           #.........   100%        8    #######


Dungeon Overview and Level Annotations

Branches:
Dungeon (4/15)
 Temple: D:4-7

Altars:
Dithmenos
Qazlal
Ru
Zin
The Shining One

Annotations:
D:4 Menkaure


Message History

The hound barely misses you.
You hit the hound but do no damage.
The hound looks even sicker.
The hound is heavily wounded.
The hound closely misses you. You block the orc's attack.
You block the gnoll's attack. The orc barely misses you.
The hound bites you but does no damage.
You miss the hound.
The hound is severely wounded.
The hound barely misses you. You block the orc's attack.
You block the gnoll's attack. The orc hits you but does no damage.
You block the hound's attack. The orc barely misses you.
You closely miss the hound.
The hound is almost dead.
The hound bites you but does no damage. The hound barely misses you.
You hit the hound.
You kill the hound!
You have reached level 6!
Your experience leads to an increase in your attributes!
Increase (s)trength, (i)ntelligence, or (d)exterity?
You feel stronger.
The gnoll hits you from afar with a +0 halberd.
The orc hits you with a +0 short sword. The orc barely misses you.
The gnoll throws a throwing net.
The throwing net closely misses you.
There is an open door here.
The orc hits you with a +0 club.
* * * LOW HITPOINT WARNING * * *
You hit the orc.
The orc is severely wounded.
The gnoll barely misses you. You block the orc's attack.
Your shield prevents you from hitting the orc.
The orc is severely wounded.
The gnoll hits you from afar with a +0 halberd.
* * * LOW HITPOINT WARNING * * *
You block the orc's attack.
You hit the orc.
You kill the orc!
The gnoll barely misses you.
There is an open door here.
You see here a +0 club.
You completely miss the gnoll. You block the gnoll's attack.
You hit the gnoll.
The gnoll is lightly wounded.
The gnoll hits you with a +0 halberd!
* * * LOW HITPOINT WARNING * * *
You closely miss the gnoll.
The gnoll is lightly wounded.
The gnoll hits you with a +0 halberd.
* * * LOW HITPOINT WARNING * * *
You hit the gnoll but do no damage.
The gnoll is poisoned.
The gnoll is lightly wounded.
The gnoll closely misses you.
Your ring mail prevents you from hitting the gnoll.
The gnoll is moderately wounded.
You block the gnoll's attack.
You hit the gnoll.
The gnoll looks as sick as possible!
The gnoll is severely wounded.
You block the gnoll's attack.
You hit the gnoll.
You kill the gnoll!
You closely miss the orc. The orc hits you with a +0 short sword.
* * * LOW HITPOINT WARNING * * *
You hit the orc but do no damage.
The orc is poisoned.
The orc hits you with a +0 short sword.
You die...

### ### #######.####.#
######### #..o@.[......#
#.......# #.##########.#
#รท#####.# #.# #.########
#.....#.# #.# #........#
#####.#.# #.# ####......
#.#.####.# ##########......
#.#.##...####(........>.....
#.#.)'...)).................
#.####...####..........###'#


You could see an orc (very poisoned).

Vanquished Creatures
  A howler monkey (D:2)
  2 hounds
  An orc priest (D:3)
  3 adders
  4 gnolls (D:3)
  An ooze (D:1)
  A worm (D:2)
  2 dart slugs
  A leopard gecko (D:1)
  5 orcs (D:3)
  7 bats
  6 giant cockroaches
  10 goblins
  4 hobgoblins
  5 jackals (D:1)
  7 kobolds
  2 quokkas (D:3)
  A ball python (D:3)
  5 frilled lizards
  9 rats
77 creatures vanquished.

Notes
Turn   | Place    | Note
-------+----------+-------------------------------------------
     0 | D:1      | Amnesiac the Deep Elf Fighter began the quest for the Orb.
     0 | D:1      | Reached XP level 1. HP: 13/13 MP: 3/3
    80 | D:1      | Reached XP level 2. HP: 10/18 MP: 4/4
   343 | D:1      | Reached skill level 1 in Dodging
   422 | D:1      | Reached skill level 3 in Fighting
   426 | D:1      | Reached XP level 3. HP: 16/23 MP: 5/5
  1078 | D:2      | Found a stormy altar of Qazlal.
  1078 | D:2      | Found a glowing golden altar of the Shining One.
  1164 | D:2      | Found a sacrificial altar of Ru.
  1309 | D:2      | Reached XP level 4. HP: 20/29 MP: 6/6
  1332 | D:2      | Reached skill level 4 in Fighting
  1397 | D:2      | Found a shadowy altar of Dithmenos.
  1689 | D:2      | Reached XP level 5. HP: 26/33 MP: 7/7
  2207 | D:3      | Found a glowing silver altar of Zin.
  3325 | D:3      | Reached skill level 5 in Fighting
  3340 | D:4      | Noticed Menkaure
  3362 | D:3      | Reached XP level 6. HP: 32/40 MP: 8/8
  3389 | D:3      | HP: 1/40 [orc/+0 short sword (4)]
  3395 | D:3      | Slain by an orc

Illustrated notes

Levels and vault maps discovered:
D:1:      dpeg_arrival_prison, layout_basic
D:2:      layout_basic, lemuel_crystal_altar,
          gammafunk_temple_overflow_elements, nicolae_ru_the_path_less_chosen
D:3:      layout_basic, old_standard_altar
D:4:      layout_layer_cave, kennysheep_mini, lemuel_round_altar,
          lemuel_coloured_pillars_altar, amethyst_overflow_temple_binary,
          first_ration, minmay_misc_feat_pillars, uniq_menkaure, uniq_edmund,
          uniq_natasha, uniq_blork_the_orc

Skill      XL: |  1  2  3  4  5 |
---------------+----------------+-----
Axes           | 2 |  2.0
Dodging        | 1 2 |  2.4
Fighting       | 3 4 5 |  5.2
Armour         | |  2.4
Shields        | |  2.4

Action                   |  1- 3 |  4- 6 || total
-------------------------+-------+-------++-------
Melee: War axe           |   120 |       ||   120
       Dagger            |    21 |   123 ||   144
 Fire: Hunting sling     |     3 |       ||     3
  Eat: Chunk             |     2 |     6 ||     8
Armor: Ring mail         |    67 |    26 ||    93
Dodge: Dodged            |    62 |    58 ||   120
Block: Kite shield       |    83 |    68 ||   151

Table legend:
 A = Non-vault XP
 B = Vault XP
 C = Vault XP percentage of total XP
 D = Non-vault monster count
 E = Vault monster count
 F = Vault count percentage of total count
                 A         B        C        D         E       F
            +---------+---------+-------+---------+---------+-------
      Total |     406 |       0 |   0.0 |      77 |       0 |   0.0
            +---------+---------+-------+---------+---------+-------
        D:1 |      60 |       0 |   0.0 |      34 |       0 |   0.0
        D:2 |     142 |       0 |   0.0 |      18 |       0 |   0.0
        D:3 |     204 |       0 |   0.0 |      25 |       0 |   0.0
            +---------+---------+-------+---------+---------+-------
